 Dungeon Sprint DCSS version 0.30-a0-779-g7971cf19c3 (webtiles) character file.

Game seed: 3245978700002294382

3691 dialectric the Imperceptible (level 10, -3/69 HPs)
             Began as an Octopode Brigand on Feb 17, 2023.
             Slain by a deep troll (26 damage)
             ... in the Dungeon (Sprint II: "The Violet Keep of Menkaure").
             The game lasted 00:03:25 (384 turns).

dialectric the Imperceptible (Octopode Brigand)      Turns: 384, Time: 00:03:26

Health: -3/69      AC:  1    Str: 14    XL:     10   Next: 13%
Magic:  10/10      EV: 18    Int: 13    God:
Gold:   1038       SH:  0    Dex: 15    Spells: 9/9 levels left

rFire   . . .      SeeInvis .    a - +2 dagger
rCold   . . .      Faith    .    (no shield)
rNeg    . . .      Spirit   .    (helmet restricted)
rPois   .          Reflect  .    (no amulet)
rElec   .          Harm     .    (no ring)
rCorr   .          Rampage  .    (no ring)
Will    .....      NoTele   +    (no ring)
Stlth   ++++++++++               (no ring)
HPRegen 0.31/turn                (no ring)
MPRegen 0.12/turn                (no ring)
                                 (no ring)
                                 (no ring)

@: no status effects
A: almost no armour, amphibious, 8 rings, camouflage 1, gelatinous body 1,
(nimble swimmer 1), tentacles
a: no special abilities


You were in the Dungeon.
You visited 1 branch You collected 1198 gold pieces.
You spent 160 gold pieces at shops.

Inventory:

Hand Weapons
 a - a +2 dagger (weapon)
Missiles
 b - 9 poisoned darts (quivered)
 c - 3 curare-tipped darts
Jewellery
 j - a ring of see invisible
Scrolls
 f - 2 scrolls of enchant weapon {unknown}
 i - 2 scrolls of blinking
 k - a scroll of fog {unknown}
 l - 2 scrolls of fear {unknown}
 m - a scroll of summoning {unknown}
 n - a scroll of vulnerability {unknown}
 o - 2 scrolls of immolation {unknown}
 r - a scroll of magic mapping {unknown}
 u - 2 scrolls of identify {unknown}
Potions
 d - 4 potions of curing
 e - 2 potions of heal wounds
 g - 5 potions of magic
 h - 2 potions of might
 p - 2 potions of mutation {unknown}
 q - a potion of haste
 s - 3 potions of resistance {unknown}
 t - a potion of degeneration {unknown}
 v - a potion of brilliance {unknown}
 w - 3 potions of flight {unknown}


   Skills:
 * Level 6.9 Fighting
 + Level 8.2 Short Blades
 - Level 3.7 Throwing
 * Level 10.5 Dodging
 + Level 24.2 Stealth


You had 9 spell levels left.
You didn't know any spells.
Your spell library contained the following spells:

 Spells                   Type           Power      Damage    Failure   Level
 Apportation              Tloc           0%         N/A       30%         1
 Necrotise                Necr           0%         1d4       30%         1
 Summon Small Mammal      Summ           0%         N/A       30%         1


Dungeon Overview and Level Annotations

Branches:
Dungeon (1/1)

Altars:
Cheibriados
Dithmenos
Elyvilon
Fedhas
Gozag
Kikubaaqudgha
Makhleb
Nemelex Xobeh
Okawaru
Qazlal
Ru
Sif Muna
Trog
Uskayaw
Vehumet
Wu Jian
Xom
Yredelemnul
Zin
The Shining One
Jiyva
Lugonu

Shops:
D =:?!(?**(:[([!=

Annotations:
D exclusion: oklob plant


Innate Abilities, Weirdness & Mutations

You cannot wear most types of armour.
You are amphibious.
You can wear up to eight rings at the same time.
Your skin changes colour to match your surroundings (Stealth+).
Your rubbery body absorbs attacks. (AC +1, EV +1)
((You are camouflaged when in or above water. (Stealth+)))
You have tentacles for arms and can constrict up to eight enemies at once.


Message History

d - 4 potions of curing (gained 1)
You now have 1038 gold pieces (gained 10).
You see here a +0 sling.
You see here a +0 robe.
You see here a +0 ring mail.
You open the door.
There is an open door here.
You enter the shallow water.
You open the door.
A water moccasin comes into view.
Found a snail-covered altar of Cheibriados.
Tentacles burst out of the water!
The water moccasin moves out of view.
There is an open door here.
You enter the shallow water.
The helpless water moccasin fails to defend itself.
You skewer the water moccasin like a kebab!!!!!
You kill the water moccasin!
The helpless water moccasin fails to defend itself.
You spit the water moccasin like a pig!!!!!
You kill the water moccasin!
Your Stealth skill increases to level 24!
The walls and floor vibrate strangely for a moment.
The helpless water moccasin fails to defend itself.
You perforate the water moccasin like a sieve!!!!!
You kill the water moccasin!
You see here a water moccasin corpse.
You open the door.
A deep troll comes into view.
Found 135 gold pieces.
A deep troll comes into view.
Found 81 gold pieces.
There is an open door here.
The deep troll shouts! x2
The deep troll bites you!! The deep troll claws you!!
The deep troll misses you. The deep troll barely misses you.
The deep troll claws you! The deep troll closely misses you.
You see here 27 gold pieces.
You closely miss the deep troll. Your squeeze misses the deep troll.
The deep troll bites you!!
You die...

####▓...[[[.[▓▓
..##▓▓▓▓▓▓▓'▓▓▓▓+▓
~~~~~~~~~~~...≈≈≈▓
+########§###V≈≈≈▓
..._._._#§§~##≈≈≈▓
_._._._.#§§§≈####▓▓
._._._._#§~§§§##$$#
_._._._.#§§~§§§#$T#
._._._..#§§§§§§'@$+
_._._...#§~~§§§#$T#
._....#~§§§§≈▓$$#
.....#§≈§§▓▓▓▓▓▓
######~≈§§▓
~~~~~~§≈≈§▓z
######≈▓▓▓▓▓▓ #▓


You could see 2 deep trolls.

Vanquished Creatures
  2 boulder beetles (D)
  3 manticores (D)
  A merfolk siren (D)
  A blink frog (D)
  4 water moccasins (D)
  4 scorpions (D)
  4 necrophages (D)
19 creatures vanquished.

Vanquished Creatures (others)
  Menkaure (D)
  A water moccasin (D)
  4 tentacles (D)
6 creatures vanquished.

Grand Total: 25 creatures vanquished

Notes
Turn   | Place    | Note
-------+----------+-------------------------------------------
     0 | D        | dialectric the Octopode Brigand began the quest for the
                  | Orb.
     0 | D        | Reached XP level 1. HP: 14/14 MP: 1/1
     1 | D        | Noticed a necrophage
     1 | D        | Noticed a necrophage
     1 | D        | Noticed a necrophage
     1 | D        | Noticed a necrophage
     5 | D        | Killed a necrophage
     6 | D        | Reached skill level 10 in Stealth
     6 | D        | Reached XP level 2. HP: 20/20 MP: 2/2
     6 | D        | Reached XP level 3. HP: 25/25 MP: 3/3
     6 | D        | Reached XP level 4. HP: 30/30 MP: 4/4
    12 | D        | Killed a necrophage
    13 | D        | Reached skill level 12 in Stealth
    13 | D        | Reached XP level 5. HP: 36/36 MP: 5/5
    18 | D        | Reached skill level 13 in Stealth
    22 | D        | Reached skill level 14 in Stealth
    22 | D        | Reached XP level 6. HP: 42/43 MP: 6/6
    27 | D        | Found Geotzogo's Antique Armour Emporium.
    27 | D        | Found Legeh's Jewellery Emporium.
    27 | D        | Found Befaal's Antique Weapon Shoppe.
    27 | D        | Found Taneck's Distillery.
    27 | D        | Found Peiph's Antique Armour Emporium.
    46 | D        | Found Xug Vam's Antique Weapon Shoppe.
    46 | D        | Found Tetew's Assorted Antiques.
    47 | D        | Found Baucurph's Assorted Antiques.
    47 | D        | Found Budde's Book Emporium.
    47 | D        | Found Xunitum's Magic Scroll Shoppe.
    47 | D        | Found Zocios's Antique Weapon Shoppe.
    51 | D        | Noticed a blink frog
    53 | D        | Killed a blink frog
    54 | D        | Reached skill level 5 in Short Blades
    54 | D        | Reached skill level 5 in Dodging
    54 | D        | Reached skill level 16 in Stealth
    68 | D        | Noticed a merfolk siren
    71 | D        | Killed a merfolk siren
    71 | D        | Killed a water moccasin
    72 | D        | Reached skill level 5 in Fighting
    72 | D        | Reached skill level 18 in Stealth
    72 | D        | Reached XP level 7. HP: 50/50 MP: 7/7
    80 | D        | Noticed a boulder beetle
    80 | D        | Noticed a boulder beetle
    83 | D        | Killed a boulder beetle
    84 | D        | Reached skill level 20 in Stealth
    84 | D        | Reached XP level 8. HP: 56/56 MP: 8/8
    87 | D        | Killed a boulder beetle
    88 | D        | Reached skill level 21 in Stealth
    88 | D        | Reached XP level 9. HP: 62/62 MP: 9/9
   110 | D        | Reached skill level 22 in Stealth
   118 | D        | Noticed a fire dragon
   122 | D        | Found Ohuowk's Distillery.
   122 | D        | Found Woecem's Magic Scroll Emporium.
   122 | D        | Noticed an oklob plant
   123 | D        | Found Babi's Jewellery Shoppe.
   123 | D        | Found Hajaedghit's Book Shoppe.
   133 | D        | Killed Menkaure
   135 | D        | Noticed a death yak
   135 | D        | Noticed a cane toad
   135 | D        | Noticed a cane toad
   202 | D        | Bought a potion of might for 40 gold pieces
   209 | D        | Bought a potion of might for 40 gold pieces
   209 | D        | Bought a potion of heal wounds for 50 gold pieces
   209 | D        | Bought a potion of curing for 30 gold pieces
   233 | D        | Found a glowing golden altar of the Shining One.
   233 | D        | Found an ornate altar of the Wu Jian Council.
   234 | D        | Found a shimmering altar of Xom.
   234 | D        | Found a sacrificial altar of Ru.
   235 | D        | Found a basalt altar of Yredelemnul.
   235 | D        | Found a shimmering blue altar of Sif Muna.
   235 | D        | Found a stormy altar of Qazlal.
   235 | D        | Found a viscous altar of Jiyva.
   236 | D        | Found a glowing silver altar of Zin.
   236 | D        | Found a bloodstained altar of Trog.
   236 | D        | Found an ancient bone altar of Kikubaaqudgha.
   237 | D        | Found a hide-covered altar of Uskayaw.
   237 | D        | Found a corrupted altar of Lugonu.
   237 | D        | Found a shadowy altar of Dithmenos.
   238 | D        | Found a radiant altar of Vehumet.
   238 | D        | Found a burning altar of Makhleb.
   238 | D        | Found a white marble altar of Elyvilon.
   239 | D        | Found a sparkling altar of Nemelex Xobeh.
   239 | D        | Found a blossoming altar of Fedhas.
   242 | D        | Noticed a manticore
   243 | D        | Noticed a manticore
   243 | D        | Noticed a manticore
   244 | D        | Killed a manticore
   246 | D        | Killed a manticore
   247 | D        | Reached skill level 10 in Dodging
   247 | D        | Reached skill level 23 in Stealth
   247 | D        | Killed a manticore
   248 | D        | Reached XP level 10. HP: 69/69 MP: 10/10
   253 | D        | Noticed a hell hog
   254 | D        | Noticed a hell hog
   261 | D        | Found an iron altar of Okawaru.
   261 | D        | Found an opulent altar of Gozag.
   270 | D        | Noticed a kraken
   287 | D        | Found the +8 lance "Wyrmbane" {slay drac, rPois rF+ rC+
                  | AC+3}
   368 | D        | Found a snail-covered altar of Cheibriados.
   376 | D        | Reached skill level 24 in Stealth
   381 | D        | Noticed a deep troll
   382 | D        | Noticed a deep troll
   384 | D        | Slain by a deep troll

Illustrated notes

Levels and vault maps discovered:
D:        the_violet_keep_of_menkaure [sprint2_stairs_cluster_1,
          sprint2_shoproom, sprint2_temple, sprint2_basic_supplies,
          sprint2_obstacle_2, sprint2_obstacle_3, sprint2_obstacle_7,
          sprint2_obstacle_6, sprint2_obstacle_4, sprint2_timed_cluster_1,
          sprint2_smallroom_cluster_1, sprint2_smallroom_final_cluster_1,
          sprint2_transparent_cluster_1, sprint2_second_timed_cluster_1,
          sprint2_sniper_area_1, sprint2_heavy_combat_area_1,
          sprint2_mutation_trap_area_1, sprint2_forest_area_1,
          sprint2_light_combat_area_1, sprint2_behind_water_1,
          sprint2_near_end_vault_1]

Skill      XL: |  1  2  3  4  5  6  7  8  9 10 |
---------------+-------------------------------+-----
Stealth        | 10 12 14 18 20 21 23 24 | 24.2
Fighting       | 3 5 6 |  6.9
Short Blades   | 3 4 5 6 7 8 |  8.2
Dodging        | 2 4 7 8 9 10 | 10.5
Throwing       | 3 |  3.7

Action                     |  1- 3 |  4- 6 |  7- 9 | 10-12 || total
---------------------------+-------+-------+-------+-------++-------
  Melee: Dagger            |     2 |    18 |    14 |     4 ||    38
         Constrict         |     1 |     3 |     1 |       ||     5
         Tentacles         |     1 |     2 |     3 |       ||     6
    Use: Potion            |     1 |       |       |     1 ||     2
   Stab: Sleeping          |       |     2 |     9 |     3 ||    14
 Armour: Skin              |     1 |     1 |     1 |       ||     3
  Dodge: Dodged            |       |     1 |     1 |     3 ||     5

Table legend: (Time is in decaauts)
 A = Elapsed time spent in this place.
 B = Non-inter-level travel time spent in this place.
 C = Inter-level travel time spent in this place.
 D = Time resting spent in this place.
 E = Time spent auto-exploring this place.
 F = Levels seen in this place.
 G = Mean time per level.
                   A        B        C        D        E       F      G
               +--------+--------+--------+--------+--------+-----+--------+
         Total |    363 |    363 |      0 |     24 |     61 |   1 |  363.0 |
       Dungeon |    363 |    363 |      0 |     24 |     61 |   1 |  363.0 |
               +--------+--------+--------+--------+--------+-----+--------+

Top non-repeatable levels by time:
       D: 363 daAuts
